Match 47187064
Unlisted

Match 47187064
End
Panzergrenadier Squad
250 Light Carrier
Selects Armored Support Battlegroup
250 Light Carrier
Construct Light Support Kompanie
Combat Half-tracks
Assault Grenadier Squad
Selects Superior Fire Drills
Construct Mechanized Kompanie
Assault Mechanized Group
Selects Salvage Kits
Vehicle Survival Package
Veteran Squad Leaders
Tungsten Core Ammunition
Support Armor Elements
Emergency Repair Kits
Rapid Advance
Selects Panzer Storm
Construct Panzerarmee Kommand
Armored Reserves
poe2 is
damian
Waifu
MuniekPL
VladDreadnought
NEOne
0
0

Comments sign in to comment!

No comments posted yet!